 Dungeon Crawl Stone Soup version 0.27-a0-216-g1fbed8a51c (webtiles) character file.

Game seed: 17086097690339894300

9 knot the Chopper (level 2, 17/24 HPs)
             Began as a Demonspawn Berserker on Feb 1, 2021.
             Was a Follower of Trog.
             Quit the game on level 1 of the Dungeon.
             The game lasted 00:00:20 (605 turns).

knot the Chopper (Demonspawn Berserker)              Turns: 605, Time: 00:00:21

Health: 17/24      AC:  2    Str: 17    XL:     2   Next: 3%
Magic:  2/2        EV: 12    Int:  8    God:    Trog [*.....]
Gold:   0          SH:  0    Dex: 12    Spells: 1/1 levels left

rFire    . . .     SeeInvis .   a - +0 hand axe
rCold    . . .     Faith    .   (no shield)
rNeg     . . .     Spirit   .   b - +0 animal skin
rPois    .         Reflect  .   (no helmet)
rElec    .         Harm     .   (no cloak)
rCorr    .         Rampage  .   (no gloves)
Will     .....                  (no boots)
Stlth    +.........             (no amulet)
HPRegen  0.08/turn              (no ring)
MPRegen  0.08/turn              (no ring)

@: no status effects
A: demonic guardian 1
a: Renounce Religion, Berserk


You were on level 1 of the Dungeon.
You worshipped Trog.
Trog was aware of your devotion.
You visited 1 branch of the dungeon, and saw 1 of its levels.

Inventory:

Hand Weapons
 a - a +0 hand axe (weapon)
Missiles
 c - a stone
 e - 16 sling bullets
Armour
 b - a +0 animal skin (worn)
Scrolls
 d - a scroll of remove curse {unknown}


   Skills:
 - Level 3.0 Fighting
 + Level 3.2 Axes
 - Level 1.7 Armour
 - Level 1.7 Dodging


You had one spell level left.
You didn't know any spells.
Your spell library was empty.

Dungeon Overview and Level Annotations

Branches:
Dungeon (1/15)

Altars:


Innate Abilities, Weirdness & Mutations

A weak demonic guardian rushes to your aid.


Message History

You have reached level 2!
Your demonic ancestry asserts itself...
You feel the presence of a demonic guardian.
You hit the kobold but do no damage. The kobold misses you.
You closely miss the kobold. The kobold hits you with a +0 club.
A demonic guardian appears!
You slash the kobold!
You kill the kobold!
Trog accepts your kill.
No target in view!
No target in view!
No target in view!
No target in view!
No target in view!
No target in view!
No target in view!
No target in view!
No target in view!
No target in view!
Are you sure you want to abandon this character and quit the game? (Confirm with "yes".)

#.......>..
#.#.#.
#..........
#.#.#.
#..........
#.#... .
#.....^....
#.#.##
...###......!.#
#.....
....)..........#
###.##
....###).......#
#.#
......)5#.######
#.# .K..###@#.#
#.# .. #.#.# #.#
#.#.#
########.##
#.#.#
.......†)..
#.#.# ######....
#[#.# #....
#.#.# #....
..#.# #.... #.#
#....


You could see a friendly white imp (summoned).

Vanquished Creatures
  A leopard gecko (D:1)
  3 bats (D:1)
  A frilled lizard (D:1)
  3 kobolds (D:1)
  A rat (D:1)
9 creatures vanquished.

Notes
Turn   | Place    | Note
-------+----------+-------------------------------------------
     0 | D:1      | knot the Demonspawn Berserker began the quest for the Orb.
     0 | D:1      | Reached XP level 1. HP: 18/18 MP: 1/1
   602 | D:1      | Gained mutation: A weak demonic guardian rushes to your
                  | aid. [demonic ancestry]
   602 | D:1      | Reached XP level 2. HP: 20/24 MP: 2/2
   605 | D:1      | Quit the game

Illustrated notes

Levels and vault maps discovered:
D:1:      elethiomel_arrival_infinity_welcomes_careful_drivers, layout_basic,
          minmay_misc_feat_more_columns, minmay_misc_feat_alley, minivault_19

Skill      XL: |  1 |
---------------+----+-----
Axes           | 3 |  3.2
Fighting       | |  3.0
Armour         | |  1.7
Dodging        | |  1.7

Action                   || total
-------------------------++-------
Melee: Hand axe          ||    36
Invok: Berserk           ||     1
Armor: Animal skin       ||    16
Dodge: Dodged            ||    26

Table legend: (Time is in decaauts)
 A = Elapsed time spent in this place.
 B = Non-inter-level travel time spent in this place.
 C = Inter-level travel time spent in this place.
 D = Time resting spent in this place.
 E = Time spent auto-exploring this place.
 F = Levels seen in this place.
 G = Mean time per level.
                   A        B        C        D        E       F      G
               +--------+--------+--------+--------+--------+-----+--------+
         Total |    618 |    618 |      0 |    250 |    299 |   1 |  618.0 |
       Dungeon |    618 |    618 |      0 |    250 |    299 |   1 |  618.0 |
               +--------+--------+--------+--------+--------+-----+--------+

Top non-repeatable levels by time:
     D:1: 618 daAuts
